 Dungeon Crawl Stone Soup version 0.28-a0-932-g843f935a50 (webtiles) character file.

Game seed: 43522448176396294

1241 Zonian the Cutter (level 8, 0/42 HPs)
             Began as a Vine Stalker Fighter on Nov 28, 2021.
             Slain by a gnoll sergeant (5 damage)
             ... on level 4 of the Dungeon.
             The game lasted 00:10:19 (4629 turns).

Zonian the Cutter (Vine Stalker Fighter)            Turns: 4629, Time: 00:10:19

Health: 0/42       AC:  7    Str: 20    XL:     8   Next: 49%
Magic:  0/9        EV: 10    Int:  8    God:
Gold:   184        SH:  5    Dex: 15    Spells: 7/7 levels left

rFire   . . .      SeeInvis .   a - +1 rapier
rCold   . . .      Faith    .   c - +0 buckler
rNeg    . . .      Spirit   +   b - +1 scale mail
rPois   .          Reflect  .   (no helmet)
rElec   .          Harm     .   (no cloak)
rCorr   .          Rampage  .   (no gloves)
Will    +....                   (no boots)
Stlth   ++........              t - amulet of magic regeneration
HPRegen 0.94/turn               (no ring)
MPRegen 0.51/turn               (no ring)

@: no status effects
A: fangs 3, regeneration 1, magic shield, antimagic bite, no potion heal 2
a: no special abilities


You were on level 4 of the Dungeon.
You visited 1 branch of the dungeon, and saw 5 of its levels.

You collected 184 gold pieces.

Inventory:

Hand Weapons
 a - a +1 rapier (weapon)
 f - a +2 dagger of pain
 l - a +3 dagger
 q - a +0 hand crossbow
 v - a +2 whip of draining
Missiles
 i - a poisoned dart (quivered)
 r - 24 sling bullets
 s - 22 bolts
Armour
 b - a +1 scale mail (worn)
 c - a +0 buckler (worn)
Jewellery
 t - an amulet of magic regeneration (around neck)
Wands
 u - a wand of iceblast (6)
 w - a wand of charming (4)
 y - a wand of flame (6)
Scrolls
 n - a scroll of magic mapping
Potions
 d - a potion of might
 e - a potion of cancellation
 g - 2 potions of heal wounds
 h - 3 potions of lignification
 j - 3 potions of curing
 k - a potion of attraction
 m - a potion of ambrosia
 p - 2 potions of haste
 x - a potion of flight {unknown}


   Skills:
 + Level 4.5 Fighting
 + Level 5.8 Short Blades
 + Level 1.2 Throwing
 - Level 2.7 Armour
 + Level 2.0 Dodging
 * Level 5.3 Stealth
 - Level 4.0 Shields
 + Level 1.1 Evocations


You had 7 spell levels left.
You didn't know any spells.
Your spell library contained the following spells:

 Spells                   Type           Power      Damage    Failure   Level
 Slow                     Hex            0%         N/A       77%         1
 Ensorcelled Hibernation  Hex/Ice        0%         N/A       88%         2
 Confusing Touch          Hex            0%         N/A       98%         3
 Tukima's Dance           Hex            0%         N/A       98%         3
 Vampiric Draining        Necr           0%         2d6       98%         3
 Animate Dead             Necr           0%         N/A       100%        4
 Haunt                    Necr/Summ      0%         N/A       100%        7
 Infestation              Necr           0%         N/A       100%        8


Dungeon Overview and Level Annotations

Branches:
Dungeon (5/15)
 Temple: D:4-7

Altars:
Elyvilon

Annotations:
D:5 1 runed translucent door, Crazy Yiuf, Grinder


Innate Abilities, Weirdness & Mutations

You have razor-sharp teeth.
Your natural rate of healing is unusually fast.
When hurt, damage is shared between your health and your magic reserves.
Your bite disrupts and absorbs the magic of your enemies.
Potions cannot restore your health.


Message History

Press: ? - help, Shift-Dir - straight line, f/p - Pikel
Aim: Pikel, wielding a +1 whip of electrocution and wearing a +0 robe (almost dead, 64% to hit)
The bolt of acid hits Pikel!
The acid corrodes Pikel!
You kill Pikel!
The bolt of acid hits the gnoll sergeant but does no damage.
The now-empty wand crumbles to dust.
With Pikel's spell broken, his former minion thanks you for its freedom.
The lemure departs this earthly plane.
The gnoll sergeant closely misses you.
Training target 4.0 for Shields reached!
Your Dodging skill increases to level 2!
Your Stealth skill increases to level 5!
Your Shields skill increases to level 4!
Your Evocations skill increases to level 1!
You have reached level 8!
You feel stronger.
Your teeth grow very long and razor-sharp.
The gnoll sergeant completely misses you.
Things that are here:
a +1 whip of electrocution; a +0 robe You hit the gnoll sergeant.
The gnoll sergeant is lightly wounded.
The gnoll sergeant hits you with a +0 trident!
* * * LOW HITPOINT WARNING * * *
You hit the gnoll sergeant. You bite the gnoll sergeant. You drain its power.
You feel invigorated.
The gnoll sergeant is heavily wounded.
The gnoll sergeant hits you with a +0 trident!
* * * LOW HITPOINT WARNING * * *
You hit the gnoll sergeant but do no damage.
You bite the gnoll sergeant. You drain its power.
You feel invigorated.
The gnoll sergeant is heavily wounded.
The gnoll sergeant hits you with a +0 trident.
* * * LOW HITPOINT WARNING * * *
You hit the gnoll sergeant.
The gnoll sergeant is severely wounded.
The gnoll sergeant hits you with a +0 trident.
You hit the gnoll sergeant.
The gnoll sergeant is almost dead.
The gnoll sergeant hits you with a +0 trident!
You die...

*** ### *,**
####.## *,,*
##.###.## *#.#*
#####@## ##.##
### #..* #...g)#
##.## #.# #.#*
##..>.## ##.##
##. ##)# #.....##
##.## ## #..#
#.....)### ##.##
# ##..#
#...###..# #..#
#...# ##...# ##.#
#..## ##...##
###....# #.#
#..)#
#.....####......#
##.# ##...# #


You could see a gnoll sergeant.

Vanquished Creatures
  Pikel (D:4)
  A black bear (D:5)
  2 ogres
  2 lemures (D:4)
  A phantom (D:4)
  2 scorpions (D:5)
  A bullfrog zombie (D:5)
  A jelly (D:5)
  Jessica (D:3)
  2 iguanas (D:4)
  Ijyb (D:5)
  A hound skeleton (D:4)
  3 gnolls (D:5)
  5 adders
  3 ufetubi (D:4)
  3 worms
  2 dart slugs
  9 orcs
  5 ball pythons
  2 bats (D:3)
  2 endoplasms (D:1)
  A giant cockroach (D:1)
  9 hobgoblins
  2 jackals (D:2)
  6 kobolds
  4 quokkas
  2 frilled lizards (D:2)
  10 goblins
  5 rats
89 creatures vanquished.

Vanquished Creatures (collateral kills)
  A goblin (D:4)
1 creature vanquished.

Vanquished Creatures (others)
  A lemure (D:4)
  An endoplasm (D:4)
2 creatures vanquished.

Grand Total: 92 creatures vanquished

Notes
Turn   | Place    | Note
-------+----------+-------------------------------------------
     0 | D:1      | Zonian the Vine Stalker Fighter began the quest for the
                  | Orb.
     0 | D:1      | Reached XP level 1. HP: 11/11 MP: 2/2
   113 | D:1      | Reached XP level 2. HP: 13/16 MP: 3/3
   863 | D:1      | Reached XP level 3. HP: 20/20 MP: 4/4
  1135 | D:2      | Found a white marble altar of Elyvilon.
  1148 | D:2      | Reached skill level 1 in Stealth
  1849 | D:2      | Gained mutation: Your natural rate of healing is unusually
                  | fast. [Vine Stalker growth]
  1849 | D:2      | Reached XP level 4. HP: 21/24 MP: 5/5
  2262 | D:3      | Noticed Jessica
  2269 | D:3      | Killed Jessica
  2270 | D:3      | Reached XP level 5. HP: 23/28 MP: 4/6
  2578 | D:4      | Noticed an ogre
  2602 | D:4      | Killed an ogre
  2603 | D:4      | Reached XP level 6. HP: 28/32 MP: 7/7
  2648 | D:4      | Reached skill level 1 in Dodging
  3217 | D:4      | Noticed Pikel
  3397 | D:5      | Entered Level 5 of the Dungeon
  3461 | D:5      | Noticed Ijyb
  3471 | D:5      | Killed Ijyb
  3491 | D:5      | Noticed a black bear
  3498 | D:5      | Killed a black bear
  3499 | D:5      | Reached XP level 7. HP: 32/37 MP: 8/8
  3970 | D:5      | Noticed Grinder
  4178 | D:5      | Noticed an angel
  4469 | D:5      | Reached skill level 5 in Short Blades
  4469 | D:5      | Reached skill level 1 in Throwing
  4507 | D:5      | Found a runed translucent door.
  4508 | D:5      | Noticed Crazy Yiuf
  4623 | D:4      | Killed Pikel
  4624 | D:4      | Reached skill level 5 in Stealth
  4624 | D:4      | Reached skill level 1 in Evocations
  4624 | D:4      | Gained mutation: You have razor-sharp teeth. [Vine Stalker
                  | growth]
  4624 | D:4      | Reached XP level 8. HP: 14/42 MP: 3/9
  4629 | D:4      | Slain by a gnoll sergeant

Illustrated notes

Levels and vault maps discovered:
D:1:      psy_arrival_radial01, layout_loops_ring
D:2:      layout_rooms, basic_altar
D:3:      layout_rooms, kennysheep_jessica_study
D:4:      layout_layer_cave, kennysheep_small_circle, uniq_pikel
D:5:      layout_gridville, zin_angel, serial_co_window_serial,
          co_window_of_opportunity_a, co_window_cross_1, co_window_corner_a,
          co_window_paths_a, co_window_paths_b, co_window_paths_a,
          co_window_paths_a, co_window_cross_4, co_window_corner_ca,
          co_window_corner_cb, co_window_2corner, co_window_4corner_b,
          uniq_crazy_yiuf_cottage, uniq_ijyb, uniq_grinder

Skill      XL: |  1  2  3  4  5  6  7 |
---------------+----------------------+-----
Fighting       | 3 4 |  4.5
Short Blades   | 2 3 4 5 |  5.8
Stealth        | 1 2 3 5 |  5.3
Shields        | 3 4 |  4.0
Dodging        | 1 2 |  2.0
Throwing       | 1 |  1.2
Evocations     | 1 |  1.1
Armour         | |  2.7

Action                   |  1- 3 |  4- 6 |  7- 9 || total
-------------------------+-------+-------+-------++-------
Melee: Rapier            |   101 |   216 |    61 ||   378
       Bite              |    21 |    65 |    27 ||   113
Throw: Dart              |       |     9 |       ||     9
Evoke: Wand              |       |       |     7 ||     7
  Use: Scroll            |       |    13 |     3 ||    16
Armor: Scale mail        |    32 |    55 |    22 ||   109
Dodge: Dodged            |    41 |   106 |    33 ||   180
Block: Buckler           |    21 |    54 |    14 ||    89

Table legend: (Time is in decaauts)
 A = Elapsed time spent in this place.
 B = Non-inter-level travel time spent in this place.
 C = Inter-level travel time spent in this place.
 D = Time resting spent in this place.
 E = Time spent auto-exploring this place.
 F = Levels seen in this place.
 G = Mean time per level.
                   A        B        C        D        E       F      G
               +--------+--------+--------+--------+--------+-----+--------+
         Total |   4648 |   4613 |     35 |    283 |   3101 |   5 |  929.6 |
       Dungeon |   4648 |   4613 |     35 |    283 |   3101 |   5 |  929.6 |
               +--------+--------+--------+--------+--------+-----+--------+

Top non-repeatable levels by time:
     D:5: 1197 daAuts
     D:4: 1115 daAuts
     D:1: 1028 daAuts
     D:2: 855 daAuts
     D:3: 451 daAuts
